 Dungeon Crawl Stone Soup version 0.31-a0-180-g519b7de00c (webtiles) character file.

Game seed: 15409150122320488222

313 qw the Chopper (level 6, -4/39 HPs)
             Began as a Gargoyle Fighter on June 19, 2023.
             Slain by a gnoll
             ... wielding a +0 flail
             ... led by a gnoll bouda
              (5 damage)
             ... on level 4 of the Dungeon.
             The game lasted 00:01:04 (2360 turns).

qw the Chopper (Gargoyle Fighter)                   Turns: 2360, Time: 00:01:05

Health: -4/39      AC: 15    Str: 21    XL:     6   Next: 43%
Magic:  6/6        EV:  5    Int:  9    God:
Gold:   75         SH:  4    Dex:  9    Spells: 5/5 levels left

rFire   . . .        Y - +1 war axe
rCold   . . .        c - +0 buckler
rNeg    + . .        k - +0 plate armour
rPois   inf          (no helmet)
rElec   +            (no cloak)
rCorr   +            (no gloves)
SInv    .            (no boots)
Will    .....        (no amulet) Stlth
                     e - ring of resist corrosion
HPRegen 0.26/turn    (no ring)
MPRegen 0.10/turn

%: no passive effects
@: no status effects
A: sickness immunity, AC +4, negative energy resistance 1, electricity
resistance, torment resistance 1, petrification resistance
a: no special abilities


You were on level 4 of the Dungeon.
You visited 1 branch of the dungeon, and saw 4 of its levels.

You collected 218 gold pieces.
You spent 143 gold pieces at shops.


Innate Abilities, Weirdness & Mutations

You are immune to sickness and miasma.
Your stone body is resilient. (AC +4)
You are immune to poison.
You resist negative energy. (rN+)
You are resistant to electric shocks. (rElec)
You are resistant to unholy torment.
You are immune to petrification.


   Skills:
 - Level 4.4 Fighting
 + Level 5.4 Axes
 - Level 3.2 Armour
 - Level 3.2 Shields


You had 5 spell levels left.
You didn't know any spells.
Your spell library was empty.

Inventory:

Hand Weapons
 g - a +0 mace
 Y - a +1 war axe (weapon)
Missiles
 l - 2 boomerangs (quivered)
Armour
 c - a +0 buckler (worn)
 k - a +0 plate armour (worn)
 p - a +0 helmet
Jewellery
 e - a ring of resist corrosion (left hand)
 f - a ring of willpower
Scrolls
 a - a scroll of identify
Potions
 b - 3 potions of curing
 d - a potion of might
 h - 3 potions of attraction
 i - 2 potions of cancellation
 j - a potion of resistance
 m - a potion of enlightenment {unknown}
 n - a potion of mutation {unknown}
 q - a potion of magic {unknown}

Dungeon Overview and Level Annotations

Branches:
Dungeon (4/15)
 Temple: D:4-7

Altars:

Shops:
D:3 ?*=


Message History

The gnoll shouts!
The gnoll bouda gazes fiercely through you!
You feel your attacks grow feeble.
Enter note:
Enter note:
Enter note:
Enter note: The gnoll hits you with a +0 flail!
You barely miss the gnoll.
The gnoll hits you from afar with a +0 halberd!
The gnoll closely misses you.
You barely miss the gnoll.
Your attacks no longer feel as feeble.
The gnoll hits you from afar with a +0 halberd.
The gnoll hits you but does no damage. The gnoll hits you with a +0 flail.
The gnoll hits you from afar with a +0 halberd!
You barely miss the gnoll bouda. You hit the gnoll.
The gnoll bouda hits you but does no damage.
The gnoll hits you but does no damage. The gnoll barely misses you. x2
The gnoll bouda hits you but does no damage.
You closely miss the gnoll.
The gnoll is lightly wounded.
You hit the gnoll bouda. You barely miss the gnoll.
The gnoll hits you from afar with a +0 halberd.
The gnoll hits you but does no damage. The gnoll barely misses you.
The gnoll hits you from afar with a +0 halberd.
The gnoll bouda hits you but does no damage.
The gnoll hits you but does no damage. x2
You slash the gnoll bouda!
The gnoll bouda is severely wounded.
You completely miss the gnoll. You slash the gnoll!
The gnoll closely misses you. The gnoll hits you but does no damage.
The gnoll bouda barely misses you.
The gnoll hits you but does no damage. x3
You closely miss the gnoll bouda.
The gnoll bouda is severely wounded.
You hit the gnoll. x2
The gnoll completely misses you.
The gnoll bouda hits you with a +0 club.
The gnoll barely misses you. x2; The gnoll hits you with a +0 flail.
You die...

#. #.#####.### #.#
#.......... #.#
#.#####.### .
#.###%#####.# ..
#..<.....##.#
...#######........##.#
..................##.#
.....g.g..........##.#
......g@....##+#####.#
.....gg(....##.......###
........................
.#####....$############.
#.....# ####% ##.[...
#.... #...... #....
#......# #.... #....


You could see a gnoll bouda and 4 gnolls.

Vanquished Creatures
  2 scorpions (D:4)
  An iguana (D:4)
  A sleepcap (D:4)
  5 adders
  3 gnolls (D:2)
  A worm (D:2)
  A dart slug (D:1)
  5 orcs (D:4)
  7 ball pythons
  3 endoplasms
  A giant cockroach (D:2)
  7 hobgoblins
  7 kobolds
  5 bats
  3 frilled lizards
  4 goblins
  3 rats
59 creatures vanquished.

Notes
Turn   | Place    | Note
-------+----------+-------------------------------------------
     0 | D:1      | qw the Gargoyle Fighter began the quest for the Orb.
     0 | D:1      | Reached XP level 1. HP: 14/14 MP: 1/1
     0 | D:1      | 0 ||| qw: Version: 0.3-a-7-ge0c9b40
     0 | D:1      | 0 ||| qw: Game counter: 905
     0 | D:1      | 0 ||| qw: Always use a shield: true
     0 | D:1      | 0 ||| qw: God list: Okawaru
     0 | D:1      | 0 ||| qw: Allow faded altars: false
     0 | D:1      | 0 ||| qw: Do Orc after D:15 true
     0 | D:1      | 0 ||| qw: Do second Lair branch before Depths: true
     0 | D:1      | 0 ||| qw: Lair rune preference: random
     0 | D:1      | 0 ||| qw: Plans: Normal, Zot:1-4, Slime:5, God:TSO, Crypt,
                  | Tomb, Abyss, Pan, Hells, Win
     0 | D:1      | 0 ||| PLANNING D:1-11
    38 | D:1      | Reached skill level 2 in Axes
   195 | D:1      | Reached XP level 2. HP: 17/19 MP: 2/2
   295 | D:1      | Found a faded altar of an unknown god.
   839 | D:1      | 839 ||| DROPPING scarf of harm.
   840 | D:1      | 840 ||| READING scroll labelled LIDYXTIONA.
   841 | D:1      | 841 ||| READING scroll labelled BOUPPOYTIK.
   911 | D:2      | Reached skill level 3 in Axes
   922 | D:2      | Reached XP level 3. HP: 23/23 MP: 3/3
   966 | D:2      | 966 ||| DROPPING +0 club.
  1023 | D:2      | 1023 ||| Stepping ~*~*~tactically~*~*~ (hiding).
  1069 | D:2      | 1069 ||| Stepping ~*~*~tactically~*~*~ (stealth).
  1071 | D:2      | 1071 ||| Stepping ~*~*~tactically~*~*~ (stealth).
  1089 | D:2      | Reached XP level 4. HP: 9/28 MP: 4/4
  1092 | D:2      | Reached skill level 4 in Axes
  1409 | D:2      | 1409 ||| UPGRADING to +0 plate armour.
  1419 | D:2      | 1419 ||| DROPPING +0 scale mail.
  1420 | D:2      | 1420 ||| READING scroll labelled NAC PUAMUSM.
  1421 | D:2      | 1421 ||| READING 2 scrolls labelled AFROFI VANIXA.
  1422 | D:2      | 1422 ||| READING scroll labelled BOLEWK OS LIRE.
  1423 | D:2      | 1423 ||| READING scroll labelled VEURCH LIOFUCIR.
  1424 | D:2      | 1424 ||| DRINKING 2 ruby potions.
  1425 | D:2      | 1425 ||| DROPPING scroll of fog.
  1792 | D:3      | Found Alenafese's General Store.
  1800 | D:3      | 1800 ||| BUYING potion of attraction (39 gold).
  1800 | D:3      | Bought a potion of attraction for 39 gold pieces
  1800 | D:3      | 1800 ||| BUYING potion of attraction (39 gold).
  1800 | D:3      | Bought a potion of attraction for 39 gold pieces
  1800 | D:3      | 1800 ||| BUYING potion of curing (39 gold).
  1800 | D:3      | Bought a potion of curing for 39 gold pieces
  1800 | D:3      | 1800 ||| SHOPLISTING potion of enlightenment (65 gold, have
                  | 27).
  1800 | D:3      | 1800 ||| BUYING scroll of identify (26 gold).
  1800 | D:3      | Bought a scroll of identify for 26 gold pieces
  1874 | D:3      | Found Foirrid's Jewellery Shop.
  1878 | D:3      | 1878 ||| SHOPLISTING +4 ring of protection (360 gold, have
                  | 8).
  1878 | D:3      | 1878 ||| SHOPLISTING amulet of Deklenk Tuit {Reflect rF-
                  | Int+3 Slay+2 SH+5} (447 gold, have 8).
  1878 | D:3      | 1878 ||| SHOPLISTING amulet of the acrobat (300 gold, have
                  | 8).
  1878 | D:3      | 1878 ||| SHOPLISTING ring of Gady {Fly rElec MP+9 SInv}
                  | (546 gold, have 8).
  1878 | D:3      | 1878 ||| SHOPLISTING ring of ice (250 gold, have 8).
  1878 | D:3      | 1878 ||| SHOPLISTING ring of protection from fire (250
                  | gold, have 8).
  1878 | D:3      | 1878 ||| SHOPLISTING ring of willpower (250 gold, have 8).
  2002 | D:3      | Found Cuagiwil's Magic Scroll Boutique.
  2010 | D:3      | 2010 ||| SHOPLISTING scroll of enchant weapon (90 gold,
                  | have 19).
  2010 | D:3      | 2010 ||| SHOPLISTING scroll of identify (24 gold, have 19).
  2010 | D:3      | 2010 ||| SHOPLISTING scroll of teleportation (36 gold, have
                  | 19).
  2010 | D:3      | 2010 ||| DROPPING orb of guile.
  2011 | D:3      | 2011 ||| UPGRADING to ring of resist corrosion.
  2012 | D:3      | 2012 ||| READING scroll labelled WAQOEC KUOKOUR.
  2016 | D:3      | 2016 ||| READING scroll labelled VUAXTY WEDWA.
  2017 | D:3      | 2017 ||| DRINKING 2 black potions.
  2018 | D:3      | 2018 ||| DRINKING 2 green potions.
  2019 | D:3      | 2019 ||| READING 2 scrolls of identify.
  2019 | D:3      | 2019 ||| IDENTIFYING bubbling grey potion
  2086 | D:4      | 2086 ||| Stepping ~*~*~tactically~*~*~ (stealth).
  2098 | D:4      | 2098 ||| Stepping ~*~*~tactically~*~*~ (stealth).
  2128 | D:4      | 2128 ||| Stepping ~*~*~tactically~*~*~ (stealth).
  2149 | D:4      | 2149 ||| Stepping ~*~*~tactically~*~*~ (stealth).
  2162 | D:4      | Reached XP level 5. HP: 27/32 MP: 5/5
  2167 | D:4      | HP: 5/32 [iguana (6)]
  2168 | D:4      | 2168 ||| DRINKING potion of heal wounds.
  2173 | D:4      | Reached skill level 5 in Axes
  2300 | D:4      | Reached XP level 6. HP: 30/39 MP: 6/6
  2358 | D:4      | HP: 6/39 [gnoll/+0 halberd[a gnoll bouda] (6)]
  2360 | D:4      | HP: 1/39 [gnoll bouda/+0 club (6)]
  2360 | D:4      | Slain by a gnoll

Levels and vault maps discovered:
D:1:      minmay_arrival_nine_rooms, layout_loops_ring,
          chequers_ecumenical_altar_grove, serial_bayou_lake_a
D:2:      layout_rooms
D:3:      layout_loops_ring, serial_shops, shop,
          nicolae_shop_pleasant_corner_grove, nicolae_shop_back_alley_shop
D:4:      layout_basic, minmay_misc_feat_enclosed

Skill      XL: |  1  2  3  4  5 |
---------------+----------------+-----
Axes           | 2 3 4 5 |  5.4
Fighting       | 4 |  4.4
Armour         | |  3.2
Shields        | |  3.2

Action                     |  1- 3 |  4- 6 || total
---------------------------+-------+-------++-------
  Melee: War axe           |    80 |    67 ||   147
  Throw: Boomerang         |     9 |    41 ||    50
    Use: Scroll            |     2 |     7 ||     9
         Potion            |       |     4 ||     4
 Armour: Scale mail        |    32 |       ||    32
         Plate armour      |       |    40 ||    40
  Dodge: Dodged            |    39 |    24 ||    63
  Block: Buckler           |    16 |    15 ||    31

Table legend:
 A = Non-vault XP
 B = Vault XP
 C = Vault XP percentage of total XP
 D = Non-vault monster count
 E = Vault monster count
 F = Vault count percentage of total count
                 A         B        C        D         E       F
            +---------+---------+-------+---------+---------+-------
      Total |     448 |       0 |   0.0 |      59 |       0 |   0.0
            +---------+---------+-------+---------+---------+-------
        D:1 |      29 |       0 |   0.0 |      16 |       0 |   0.0
        D:2 |      88 |       0 |   0.0 |      20 |       0 |   0.0
        D:3 |      11 |       0 |   0.0 |       7 |       0 |   0.0
        D:4 |     320 |       0 |   0.0 |      16 |       0 |   0.0
            +---------+---------+-------+---------+---------+-------
